 Dungeon Crawl Stone Soup version 0.31-a0-216-g22e908daa7 (webtiles) character file.

Game seed: 4214838957742097265

42 qw the Shooter (level 3, 0/29 HPs)
             Began as a Minotaur Hexslinger on July 2, 2023.
             Slain by an orc
             ... wielding a +0 falchion
              (6 damage)
             ... on level 2 of the Dungeon.
             The game lasted 00:00:25 (933 turns).

qw the Shooter (Minotaur Hexslinger)                 Turns: 933, Time: 00:00:25

Health: 0/29       AC:  2    Str: 12    XL:     3   Next: 33%
Magic:  3/3        EV: 12    Int: 10    God:
Gold:   94         SH:  0    Dex: 14    Spells: 3/4 levels left

rFire   . . .        Y - +0 sling (freeze)
rCold   . . .        (no shield)
rNeg    . . .        c - +0 robe
rPois   .            (helmet restricted)
rElec   .            (no cloak)
rCorr   .            (no gloves)
SInv    .            (no boots)
Will    .....        (no amulet)
Stlth   +            (no ring)
HPRegen 0.24/turn    (no ring)
MPRegen 0.08/turn

%: no passive effects
@: no status effects
A: horns 2, retaliatory headbutt
a: no special abilities


You were on level 2 of the Dungeon.
You visited 1 branch of the dungeon, and saw 2 of its levels.

You collected 94 gold pieces.


Innate Abilities, Weirdness & Mutations

You have a pair of horns on your head.
You reflexively headbutt those who attack you in melee.


   Skills:
 - Level 2.0 Fighting
 + Level 3.9 Ranged Weapons
 - Level 2.1 Dodging
 - Level 1.0 Spellcasting
 - Level 2.0 Hexes


You had 3 spell levels left.
You knew the following spells:

 Your Spells              Type           Power      Damage    Failure   Level
a - Slow                  Hex            16%        N/A       16%         1

Your spell library contained the following spells:

 Spells                   Type           Power      Damage    Failure   Level
 Inner Flame              Hex/Fire       2%         N/A       56%         3
 Portal Projectile        Hex/Tloc       4%         N/A       56%         3
 Cause Fear               Hex            2%         N/A       83%         4

Inventory:

Hand Weapons
 Y - a +0 sling of freezing (weapon)
Armour
 c - a +0 robe (worn)
Potions
 a - a potion of curing {unknown}
 b - a potion of haste {unknown}
 d - a potion of might
 f - 2 potions of magic {unknown}
 g - a potion of attraction {unknown}
 h - a potion of enlightenment

Dungeon Overview and Level Annotations

Branches:
Dungeon (2/15)

Altars:


Message History

Found a stone staircase leading down.
Enter note:
Enter note:
Enter note: You see here a giant cockroach corpse.
You now have 94 gold pieces (gained 11). 2 orcs come into view.
The orc shouts!
You hear a shout!
An orc comes into view. It is wielding a +0 falchion.
The orc moves out of view.
Enter note:
Enter note:
Enter note: You shoot a sling bullet.
The orc shouts! x2
The sling bullet hits the orc.
The sling bullet freezes the orc.
The orc is heavily wounded.
You shoot a sling bullet.
The sling bullet closely misses the orc.
You shoot a sling bullet.
The sling bullet hits the orc but does no damage.
The orc is heavily wounded.
The orc hits you with a +0 short sword.
You shoot a sling bullet. The sling bullet barely misses the orc.
The orc hits you but does no damage.
You shoot a sling bullet.
The sling bullet closely misses the orc.
You shoot a sling bullet.
The sling bullet closely misses the orc.
The orc hits you but does no damage. The orc misses you.
You shoot a sling bullet.
The sling bullet hits the orc but does no damage.
The orc is heavily wounded.
The orc hits you with a +0 short sword. The orc hits you with a +0 falchion.
The orc hits you but does no damage. The orc hits you with a +0 short sword.
The orc hits you with a +0 falchion.
You shoot a sling bullet.
The sling bullet closely misses the orc.
The orc hits you with a +0 hand axe. The orc hits you with a +0 falchion.
You die...

#. # . #. .### #..
..# #### .. ... ..#
#.##.#####.#####
#..ooo...#..>.. #@#
#.#....
#.###.#..#######
#.##.....#........#
#........%........#
#######>.#........#
.....#....[...#
#####.#........#
#.#........#
#.#........#


You could see 3 orcs.

Vanquished Creatures
  An adder (D:2)
  A dart slug (D:1)
  2 ball pythons (D:1)
  3 endoplasms
  2 giant cockroaches
  2 goblins (D:1)
  2 hobgoblins
  4 jackals (D:1)
  2 quokkas
  2 bats (D:1)
  2 frilled lizards
  A kobold (D:1)
  4 rats (D:1)
28 creatures vanquished.

Notes
Turn   | Place    | Note
-------+----------+-------------------------------------------
     0 | D:1      | qw the Minotaur Hexslinger began the quest for the Orb.
     0 | D:1      | Reached XP level 1. HP: 16/16 MP: 1/1
     0 | D:1      | 0 ||| qw: Version: 0.3-a-35-g05ef00e
     0 | D:1      | 0 ||| qw: Game counter: 7790
     0 | D:1      | 0 ||| qw: Melee chars always use a shield: true
     0 | D:1      | 0 ||| qw: God list: Okawaru
     0 | D:1      | 0 ||| qw: Allow faded altars: false
     0 | D:1      | 0 ||| qw: Do Orc after clearing Dungeon:15 true
     0 | D:1      | 0 ||| qw: Do second Lair branch before Depths: true
     0 | D:1      | 0 ||| qw: Lair rune preference: random
     0 | D:1      | 0 ||| qw: Goals: Normal
     0 | D:1      | 0 ||| PLANNING D:1-11
    75 | D:1      | 75 ||| SWAPPING to +0 sling of freezing.
    76 | D:1      | 76 ||| DROPPING +1 sling.
   287 | D:1      | Reached skill level 3 in Ranged Weapons
   287 | D:1      | Reached XP level 2. HP: 23/23 MP: 2/2
   377 | D:1      | 377 ||| DROPPING ring of flight.
   378 | D:1      | 378 ||| READING scroll labelled NAFOGEKALA.
   379 | D:1      | 379 ||| DRINKING 2 bubbling ruby potions.
   380 | D:1      | 380 ||| DRINKING 2 glowing blue potions.
   381 | D:1      | 381 ||| DROPPING scroll of poison.
   743 | D:1      | 743 ||| READING scroll labelled OGIURGHU KANGOCS.
   774 | D:2      | Reached XP level 3. HP: 29/29 MP: 3/3
   933 | D:2      | HP: 6/29 [orc/+0 hand axe (6)]
   933 | D:2      | Slain by an orc

Levels and vault maps discovered:
D:1:      dpeg_arrival_shrine, layout_rooms, serial_co_window_serial,
          co_window_corner_a, co_window_paths_a, co_window_paths_a,
          co_window_corner_a, co_window_paths_a, co_window_2corner,
          co_window_broadway_b, co_window_broadway_c, co_window_paths_c,
          co_window_2corner, co_window_corner_b, glass_columns_c,
          glass_columns_a, glass_columns_b, glass_columns_c
D:2:      layout_loops_ring, kennysheep_generic_room_2, uniq_natasha

Skill      XL: |  1  2 |
---------------+-------+-----
Ranged Weapons | 3 |  3.9
Fighting       | 2 |  2.0
Dodging        | |  2.1
Spellcasting   | |  1.0
Hexes          | |  2.0

Action                     || total
---------------------------++-------
   Fire: Sling             ||    85
    Use: Scroll            ||     2
         Potion            ||     2
 Armour: Robe              ||     4
  Dodge: Dodged            ||    20

Table legend:
 A = Non-vault XP
 B = Vault XP
 C = Vault XP percentage of total XP
 D = Non-vault monster count
 E = Vault monster count
 F = Vault count percentage of total count
                 A         B        C        D         E       F
            +---------+---------+-------+---------+---------+-------
      Total |      60 |       0 |   0.0 |      28 |       0 |   0.0
            +---------+---------+-------+---------+---------+-------
        D:1 |      38 |       0 |   0.0 |      22 |       0 |   0.0
        D:2 |      22 |       0 |   0.0 |       6 |       0 |   0.0
            +---------+---------+-------+---------+---------+-------
